PBL
JOPLIN BLASTERS @ HOUSTON COLT .45'S
09/19/2048
 
TOP OF THE 1ST
Joplin Blasters batting - Pitching for Houston Colt .45's : RHP Kurt Carr
Pitching: RHP Kurt Carr
Batting: RHB Mike McClung 0-0: SINGLE (Line Drive, 89M, EV 92.5 MPH)
Batting: RHB Mike Stokes 0-0: Ball
1-0: Foul Ball, location: 2F
1-1: Ball
2-1: Called Strike
2-2: Foul Ball, location: 2F
2-2: Fly out, F5 (Line Drive, 5, EV 74.4 MPH)
Batting: SHB Gary Woodroffe 0-0: Fly out, F8 (Flyball, 8LM, EV 78.1 MPH)
Batting: RHB Cody Marshall 0-0: Called Strike
0-1: Foul Ball, location: 2F
0-2: Ground out 4-3 (Groundball, 4, EV 96.2 MPH)
Top of the 1st over - 0 runs, 1 hit, 0 errors, 1 left on base; Joplin 0 - Houston 0
BOTTOM OF THE 1ST
Houston Colt .45's batting - Pitching for Joplin Blasters : RHP Omar Flores
Pitching: RHP Omar Flores
Batting: RHB Bill Borden 0-0: Called Strike
0-1: Called Strike
0-2: Strikes out swinging
Batting: LHB Bert Middleton 0-0: Ball
1-0: Ball
2-0: Fly out, F8 (Line Drive, 78D, EV 86.9 MPH)
Batting: RHB Josh Reisner 0-0: Called Strike
0-1: Foul Ball, location: 2F
0-2: Strikes out swinging
Bottom of the 1st over - 0 runs, 0 hits, 0 errors, 0 left on base; Joplin 0 - Houston 0
TOP OF THE 2ND
Joplin Blasters batting - Pitching for Houston Colt .45's : RHP Kurt Carr
Batting: RHB Esteban Acuna 0-0: Called Strike
0-1: Foul Ball, location: 2F
0-2: Ground out 6-3 (Groundball, 6, EV 103.1 MPH)
Batting: LHB Willie Marquez 0-0: Called Strike
0-1: Swinging Strike
0-2: Strikes out swinging
Batting: RHB Bobby Leon 0-0: Foul Ball, location: 2F
0-1: Swinging Strike
0-2: Ball
1-2: Ball
2-2: Strikes out swinging
Top of the 2nd over - 0 runs, 0 hits, 0 errors, 0 left on base; Joplin 0 - Houston 0
BOTTOM OF THE 2ND
Houston Colt .45's batting - Pitching for Joplin Blasters : RHP Omar Flores
Batting: LHB Vecdi Hodensack 0-0: Swinging Strike
0-1: Called Strike
0-2: Foul Ball, location: 2F
0-2: Ball
1-2: Ground out U3 (Groundball, 3L, EV 90.6 MPH)
Batting: RHB Jamie Walker 0-0: Called Strike
0-1: SINGLE (Line Drive, 89M, EV 89.4 MPH)
Batting: RHB To-wai Chen 0-0: Grounds into double play, 5-4-3 (Groundball, 56, EV 107.5 MPH)
Bottom of the 2nd over - 0 runs, 1 hit, 0 errors, 0 left on base; Joplin 0 - Houston 0
TOP OF THE 3RD
Joplin Blasters batting - Pitching for Houston Colt .45's : RHP Kurt Carr
Batting: RHB Jimmy Black 0-0: Ball
1-0: Foul Ball, location: 2F
1-1: Swinging Strike
1-2: Ball
2-2: Ball
3-2: Foul Ball, location: 2F
3-2: Base on Balls
Batting: RHB Danny Jefferies 0-0: Ball
1-0: Swinging Strike
1-1: Called Strike
1-2: Strikes out swinging
Batting: RHB Mike McClung 0-0: Called Strike
0-1: Ball
1-1: Called Strike
1-2: Ball
2-2: Foul Ball, location: 2F
2-2: Foul Ball, location: 2F
2-2: Ball
3-2: Foul Ball, location: 2F
3-2: Base on Balls
Jimmy Black to second
Batting: RHB Mike Stokes 0-0: Ball
1-0: Ball
2-0: Called Strike
2-1: Ball
3-1: Base on Balls
Jimmy Black to third
Mike McClung to second
Batting: SHB Gary Woodroffe 0-0: Called Strike
0-1: Fly out, F8 (Flyball, 8RS, EV 87.5 MPH)
Batting: RHB Cody Marshall 0-0: Called Strike
0-1: Ball
1-1: SINGLE (Flyball, 89S, EV 85.6 MPH)
Jimmy Black scores
Mike McClung to third
Mike Stokes to second
Runner from 3rd tries for Home, SAFE, throw by RF to home
Batting: RHB Esteban Acuna 0-0: Fielders Choice at 2nd, 6-4 (Groundball, 6, EV 84.4 MPH)
Top of the 3rd over - 2 runs, 1 hit, 0 errors, 2 left on base; Joplin 2 - Houston 0
BOTTOM OF THE 3RD
Houston Colt .45's batting - Pitching for Joplin Blasters : RHP Omar Flores
Batting: RHB Fernando Acosta 0-0: Ball
1-0: Fly out, F7 (Flyball, 78S, EV 93.1 MPH)
Batting: LHB Casper Significant 0-0: Foul Ball, location: 2F
0-1: Ball
1-1: Swinging Strike
1-2: Strikes out looking
Batting: RHB Kenny Beall 0-0: Ball
1-0: Called Strike
1-1: Ground out 1-3 (Groundball, 15, EV 63.8 MPH)
Bottom of the 3rd over - 0 runs, 0 hits, 0 errors, 0 left on base; Joplin 2 - Houston 0
TOP OF THE 4TH
Joplin Blasters batting - Pitching for Houston Colt .45's : RHP Kurt Carr
Batting: LHB Willie Marquez 0-0: Ball
1-0: Foul Ball, location: 2F
1-1: Ball
2-1: Ball
3-1: Swinging Strike
3-2: Strikes out swinging
Batting: RHB Bobby Leon 0-0: Ball
1-0: Ball
2-0: Fly out, F7 (Flyball, 78M, EV 86.9 MPH)
Batting: RHB Jimmy Black 0-0: Ball
1-0: Called Strike
1-1: SINGLE (Line Drive, 89M, EV 101.9 MPH)
Batting: RHB Danny Jefferies 0-0: Swinging Strike
0-1: Ball
1-1: Fielders Choice at 2nd, 6-4 (Groundball, 56, EV 91.2 MPH)
Top of the 4th over - 0 runs, 1 hit, 0 errors, 1 left on base; Joplin 2 - Houston 0
BOTTOM OF THE 4TH
Houston Colt .45's batting - Pitching for Joplin Blasters : RHP Omar Flores
Batting: RHB Bill Borden 0-0: Ball
1-0: Ball
2-0: Foul Ball, location: 2F
2-1: Fly out, F8 (Flyball, 78D, EV 87.5 MPH)
Batting: LHB Bert Middleton 0-0: Ball
1-0: Ball
2-0: Foul Ball, location: 2F
2-1: Called Strike
2-2: Strikes out looking
Batting: RHB Josh Reisner 0-0: Ball
1-0: Ball
2-0: Ball
3-0: Fly out, F3 (Popup, 3, EV 76.9 MPH)
Bottom of the 4th over - 0 runs, 0 hits, 0 errors, 0 left on base; Joplin 2 - Houston 0
TOP OF THE 5TH
Joplin Blasters batting - Pitching for Houston Colt .45's : RHP Kurt Carr
Batting: RHB Mike McClung 0-0: Ball
1-0: Called Strike
1-1: Foul Ball, location: 2F
1-2: Strikes out swinging
Batting: RHB Mike Stokes 0-0: Foul Ball, location: 2F
0-1: Ball
1-1: Fly out, F7 (Flyball, 7LSF, EV 87.5 MPH)
Batting: SHB Gary Woodroffe 0-0: Ball
1-0: Foul Ball, location: 2F
1-1: Ball
2-1: Swinging Strike
2-2: Ball
3-2: Foul Ball, location: 2F
3-2: Base on Balls
Batting: RHB Cody Marshall 0-0: Ball
1-0: Ball
2-0: Fielders Choice at 2nd, U6 (Groundball, 6M, EV 99.4 MPH)
Top of the 5th over - 0 runs, 0 hits, 0 errors, 1 left on base; Joplin 2 - Houston 0
BOTTOM OF THE 5TH
Houston Colt .45's batting - Pitching for Joplin Blasters : RHP Omar Flores
Batting: LHB Vecdi Hodensack 0-0: DOUBLE (Line Drive, 89D, EV 93.1 MPH)
Batting: RHB Jamie Walker 0-0: Fly out, F4 (Popup, 34, EV 68.8 MPH)
Batting: RHB To-wai Chen 0-0: Ball
1-0: Ball
2-0: Ball
3-0: Base on Balls
Batting: RHB Fernando Acosta 0-0: Ball
1-0: Ball
2-0: Ball
3-0: Called Strike
3-1: Base on Balls
Vecdi Hodensack to third
To-wai Chen to second
Batting: LHB Casper Significant 0-0: Called Strike
0-1: Grounds into fielders choice 6-2 (Groundball, 6, EV 88.1 MPH)
To-wai Chen to third
Fernando Acosta to second
Batting: RHB Kenny Beall 0-0: Ball
1-0: Ball
2-0: Swinging Strike
2-1: Foul Ball, location: 2F
2-2: Foul Ball, location: 2F
2-2: Strikes out swinging
Bottom of the 5th over - 0 runs, 1 hit, 0 errors, 3 left on base; Joplin 2 - Houston 0
TOP OF THE 6TH
Joplin Blasters batting - Pitching for Houston Colt .45's : RHP Kurt Carr
Pitching: LHP Kimmo-Mikka Koistinen
Batting: RHB Esteban Acuna 0-0: Called Strike
0-1: Fly out, F8 (Flyball, 8RS, EV 87.5 MPH)
Batting: LHB Willie Marquez 0-0: SINGLE (Groundball, 56S, EV 73.8 MPH) (infield hit)
Batting: RHB Bobby Leon 0-0: Ball
1-0: Foul Ball, location: 2F
1-1: Swinging Strike
1-2: Foul Ball, location: 2F
1-2: Foul Ball, location: 2F
1-2: Strikes out swinging
Batting: RHB Jimmy Black 0-0: Called Strike
0-1: Swinging Strike
0-2: Fly out, F9 (Line Drive, 9S, EV 103.1 MPH)
Top of the 6th over - 0 runs, 1 hit, 0 errors, 1 left on base; Joplin 2 - Houston 0
BOTTOM OF THE 6TH
Houston Colt .45's batting - Pitching for Joplin Blasters : RHP Omar Flores
Pitching: LHP Omar Nogueira
Batting: RHB Bill Borden 0-0: Swinging Strike
0-1: Ball
1-1: Called Strike
1-2: Ball
2-2: Strikes out swinging
Batting: LHB Bert Middleton 0-0: SINGLE (Groundball, 6MD, EV 96.9 MPH)
Batting: RHB Josh Reisner 0-0: SINGLE (Flyball, 9LS, EV 83.8 MPH)
Bert Middleton to second
Runner from 2nd tries for 3rd, SAFE, throw by RF made to third
Batting: LHB Vecdi Hodensack 0-0: Ball
1-0: Fielders Choice at 2nd, 6-4 (Groundball, 6M, EV 84.4 MPH)
Bert Middleton scores
Batting: RHB Jamie Walker 0-0: Foul Ball, location: 2F
0-1: SINGLE (Groundball, 56, EV 103.1 MPH)
Vecdi Hodensack to second
Batting: RHB To-wai Chen 0-0: Ball
1-0: Foul Ball, location: 2F
1-1: Ball
2-1: Ground out 4-3 (Groundball, 4, EV 76.2 MPH)
Bottom of the 6th over - 1 run, 3 hits, 0 errors, 2 left on base; Joplin 2 - Houston 1
TOP OF THE 7TH
Joplin Blasters batting - Pitching for Houston Colt .45's : LHP Kimmo-Mikka Koistinen
Batting: RHB Danny Jefferies 0-0: Foul Ball, location: 2F
0-1: Ball
1-1: Ball
2-1: Ball
3-1: Base on Balls
Batting: RHB Mike McClung 0-0: Swinging Strike
0-1: Fly out, F3 (Line Drive, 34, EV 66.2 MPH)
Lined into DP, U3 (Line Drive, 34, EV 68.1 MPH)
Pitching: LHP Jordan Garcia
Batting: RHB Mike Stokes 0-0: Called Strike
0-1: Reached on error, E3 (Groundball, 34, EV 84.4 MPH)
Batting: SHB Gary Woodroffe 0-0: Called Strike
0-1: Swinging Strike
0-2: Ball
1-2: Ball
2-2: Strikes out swinging
Top of the 7th over - 0 runs, 0 hits, 1 error, 1 left on base; Joplin 2 - Houston 1
BOTTOM OF THE 7TH
Houston Colt .45's batting - Pitching for Joplin Blasters : LHP Omar Nogueira
Batting: RHB Fernando Acosta 0-0: Ground out 6-3 (Groundball, 6M, EV 109.4 MPH)
Batting: LHB Casper Significant 0-0: Fly out, F8 (Flyball, 8RM, EV 88.8 MPH)
Batting: RHB Kenny Beall 0-0: Called Strike
0-1: Ball
1-1: Ball
2-1: Ground out 6-3 (Groundball, 6S, EV 70.6 MPH)
Bottom of the 7th over - 0 runs, 0 hits, 0 errors, 0 left on base; Joplin 2 - Houston 1
TOP OF THE 8TH
Joplin Blasters batting - Pitching for Houston Colt .45's : LHP Jordan Garcia
Batting: RHB Cody Marshall 0-0: Ball
1-0: Ball
2-0: Swinging Strike
2-1: Ball
3-1: Foul Ball, location: 2F
3-2: Strikes out looking
Batting: RHB Esteban Acuna 0-0: Called Strike
0-1: Called Strike
0-2: Foul Ball, location: 2F
0-2: Ball
1-2: Fly out, F8 (Flyball, 8LM, EV 78.8 MPH)
Batting: LHB Willie Marquez 0-0: Ball
1-0: Called Strike
1-1: Fly out, F8 (Flyball, 8RM, EV 86.9 MPH)
Top of the 8th over - 0 runs, 0 hits, 0 errors, 0 left on base; Joplin 2 - Houston 1
BOTTOM OF THE 8TH
Houston Colt .45's batting - Pitching for Joplin Blasters : LHP Omar Nogueira
Batting: RHB Bill Borden 0-0: Called Strike
0-1: Ball
1-1: Fly out, F9 (Line Drive, 9, EV 103.1 MPH)
Batting: LHB Bert Middleton 0-0: Ball
1-0: Swinging Strike
1-1: Ball
2-1: Foul Ball, location: 2F
2-2: Strikes out swinging
Batting: RHB Josh Reisner 0-0: Ball
1-0: Called Strike
1-1: Called Strike
1-2: Ground out 4-3 (Groundball, 4, EV 98.1 MPH)
Bottom of the 8th over - 0 runs, 0 hits, 0 errors, 0 left on base; Joplin 2 - Houston 1
TOP OF THE 9TH
Joplin Blasters batting - Pitching for Houston Colt .45's : LHP Jordan Garcia
Pinch Hitting: RHB Tanner Holland 0-0: Called Strike
0-1: Called Strike
0-2: Foul Ball, location: 2F
0-2: Foul Ball, location: 2F
0-2: Strikes out swinging
Pitching: RHP Rory Mozer
Batting: RHB Colin Padgett 0-0: Fly out, F7 (Flyball, 7, EV 87.5 MPH)
Pinch Hitting: RHB Dustin Peterson 0-0: Ball
1-0: Called Strike
1-1: Foul Ball, location: 2F
1-2: Ball
2-2: Ball
3-2: Base on Balls
Batting: RHB Mike McClung 0-0: Ball
1-0: Foul Ball, location: 2F
1-1: Swinging Strike
1-2: DOUBLE (Line Drive, 89D, EV 101.9 MPH)
Dustin Peterson to third
Batting: RHB Mike Stokes 0-0: Called Strike
0-1: Foul Ball, location: 2F
0-2: Strikes out swinging
Top of the 9th over - 0 runs, 1 hit, 0 errors, 2 left on base; Joplin 2 - Houston 1
BOTTOM OF THE 9TH
Houston Colt .45's batting - Pitching for Joplin Blasters : LHP Omar Nogueira
Now at SS: Josh Lane
Now in LF: Matt Weddle
Batting: LHB Vecdi Hodensack 0-0: Called Strike
0-1: Ball
1-1: Fly out, F5 (Popup, 5F, EV 66.2 MPH)
Batting: RHB Jamie Walker 0-0: Called Strike
0-1: Ball
1-1: Foul Ball, location: 2F
1-2: Strikes out swinging
Batting: RHB To-wai Chen 0-0: Ball
1-0: Foul Ball, location: 2F
1-1: Called Strike
1-2: Strikes out swinging
Bottom of the 9th over - 0 runs, 0 hits, 0 errors, 0 left on base; Joplin 2 - Houston 1
Tuesday, March 28th , 2023 - OOTP Baseball 23.10 Build 110